 Dungeon Crawl Stone Soup version 0.30.1-11-g7821555f0a (webtiles) character file.

Game seed: 664852102552042173

1491 MrIGI the Ruffian (level 8, 0/79 HPs)
             Began as a Troll Fighter on Dec 22, 2023.
             Was a Follower of Wu Jian.
             Slain by a killer bee (3 damage)
             ... on level 6 of the Dungeon.
             The game lasted 00:13:58 (5111 turns).

MrIGI the Ruffian (Troll Fighter)                   Turns: 5111, Time: 00:13:59

Health: 0/79       AC:  5    Str: 27    XL:     8   Next: 51%
Magic:  7/7        EV:  9    Int:  4    God:    Wu Jian [*.....]
Gold:   442        SH:  8    Dex:  9    Spells: 7/7 levels left

rFire   . .          .
                       - Unarmed
rCold   + . .        b - +0 kite shield
rNeg    . . .        a - +0 robe
rPois   .            A - +1 hat
rElec   .            n - scarf {repulsion}
rCorr   .            (gloves unavailable)
SInv    .            (boots unavailable)
Will    .....        B - amulet of regeneration
Stlth   +            o - ring of protection from fire
HPRegen 1.93/turn    v - ring of ice
MPRegen 0.10/turn

%: repel missiles
@: lethally poisoned (0 -> 0)
A: large, unfitting armour, claws 3, regeneration 1, shaggy fur 1, tough skin 1
a: Renounce Religion


You were on level 6 of the Dungeon.
You worshipped Wu Jian.
Wu Jian was aware of your devotion.
You visited 2 branches of the dungeon, and saw 8 of its levels.

You collected 442 gold pieces.

Inventory:

Missiles
 C - 2 throwing nets (quivered)
Armour
 a - a +0 robe (worn)
 b - a +0 kite shield (worn)
 f - a scarf of invisibility
 n - a scarf of repulsion (worn)
 A - a +1 hat (worn)
Jewellery
 o - a ring of protection from fire (left claw)
 v - a ring of ice (right claw)
 w - the ring "Gaserem" {*Corrode MP+9 Str+4 SInv}
   (You found it on level 3 of the Dungeon)

   [ring of magical power]

   Str:       It affects your strength (+4).
   MP:        It affects your magic capacity (+9).
   SInv:      It lets you see invisible.
   *Corrode:  It may corrode you when you take damage.
 B - an amulet of regeneration (around neck)
Wands
 y - a wand of flame (7)
 z - a wand of digging (5)
Scrolls
 e - 2 scrolls of identify {unknown}
 g - a scroll of magic mapping {unknown}
 i - a scroll of fog {unknown}
 k - 2 scrolls of teleportation {unknown}
 m - a scroll of immolation {unknown}
 p - a scroll of butterflies {unknown}
 r - a scroll of vulnerability {unknown}
 s - a scroll of fear {unknown}
 u - a scroll of amnesia {unknown}
Potions
 c - 4 potions of might
 d - a potion of invisibility {unknown}
 h - a potion of cancellation {unknown}
 j - 2 potions of degeneration {unknown}
 l - 2 potions of haste {unknown}
 q - 2 potions of attraction {unknown}
 x - a potion of heal wounds {unknown}
 D - a potion of lignification {unknown}


   Skills:
 + Level 4.5 Fighting
 + Level 4.6 Dodging
 + Level 5.1 Shields
 * Level 6.9 Unarmed Combat
 - Level 0.6 Evocations


You had 7 spell levels left.
You didn't know any spells.
Your spell library contained the following spells:

 Spells                   Type           Power      Damage    Failure   Level
 Kiss of Death            Conj/Necr      0%         2d5       73%         1
 Lesser Beckoning         Tloc           0%         N/A       86%         2
 Confusing Touch          Hex            0%         N/A       97%         3
 Gell's Gravitas          Tloc           0%         N/A       97%         3
 Inner Flame              Hex/Fire       0%         N/A       97%         3
 Teleport Other           Tloc           0%         N/A       97%         3
 Dispel Undead            Necr           0%         3d6       100%        4
 Yara's Violent Unravell  Hex/Tmut       0%         3d3       100%        5
 Enfeeble                 Hex            0%         N/A       100%        7


Dungeon Overview and Level Annotations

Branches:
Dungeon (7/15)             Temple (1/1) D:4

Altars:
Ashenzari
Cheibriados
Dithmenos
Elyvilon
Fedhas
Gozag
Hepliaklqana
Kikubaaqudgha
Makhleb
Nemelex Xobeh
Okawaru
Qazlal
Ru
Sif Muna
Trog
Uskayaw
Vehumet
Wu Jian
Xom
Yredelemnul
Zin
The Shining One


Innate Abilities, Weirdness & Mutations

You are too large for most types of armour.
You have claws for hands.
Your natural rate of healing is unusually fast.
You are covered in fur. (AC +1)
You have tough skin. (AC +1)


Message History

The killer bee stings you.
You are more poisoned.
The killer bee poisons you! You block the killer bee's attack.
You barely miss the killer bee.
The killer bee is almost dead.
You feel very sick. You block the killer bee's attack.
The killer bee stings you.
You are more poisoned.
The killer bee poisons you! The killer bee misses you.
The killer bee completely misses you.
You miss the killer bee.
The killer bee is almost dead.
You feel very sick. The killer bee stings you!
* * * LOW HITPOINT WARNING * * *
You block the killer bee's attack. x2; The killer bee closely misses you.
Unknown command.
Aiming: Throw Flame
Press: ? - help, Q - select action, (/) - cycle Shift-Dir - straight line, f - killer bee
Aim: a killer bee (almost dead, 39% to hit)
The puff of flame misses the killer bee.
You feel very sick. The killer bee stings you.
* * * LOW HITPOINT WARNING * * *
The killer bee barely misses you. The killer bee stings you.
* * * LOW HITPOINT WARNING * * *
You are more poisoned.
The killer bee poisons you! You block the killer bee's attack.
You feel better. The killer bee stings you!
* * * LOW HITPOINT WARNING * * *
You are poisoned.
The killer bee poisons you!
The killer bee stings you but does no damage.
The killer bee stings you.
* * * LOW HITPOINT WARNING * * *
The killer bee barely misses you.
You scratch the killer bee but do no damage.
The killer bee is almost dead.
You feel sick. You block the killer bee's attack. The killer bee stings you.
You die...

#...# #....# #...#
#....# #...#
####....# #...#
#..)....# #...#
#.#)....#
#...########.#.....#
#...'........#.....#
#.y)##########.#####
###@y...............
#.#####.####.##...
#.# #.####.##... #.#
#...##.##...
###'#######..#......
#..........#..###...
#..........##.......
#..........######...
#..........# #...


You could see 2 killer bees.

Vanquished Creatures
  A sky beast (D:6)
  2 ogres (D:5)
  2 centaurs (D:6)
  A phantom (D:4)
  A gnoll sergeant (D:6)
  6 scorpions
  A jelly (D:6)
  An orc priest (D:6)
  3 hounds
  2 iguanas (D:5)
  4 sleepcaps
  8 adders
  10 gnolls
  A worm (D:2)
  3 dart slugs
  16 orcs
  4 bats
  8 endoplasms
  7 giant cockroaches
  6 hobgoblins
  14 jackals
  5 kobolds
  4 ball pythons
  5 frilled lizards
  6 goblins
  4 rats
125 creatures vanquished.

Notes
Turn   | Place    | Note
-------+----------+-------------------------------------------
     0 | D:1      | MrIGI the Troll Fighter began the quest for the Orb.
     0 | D:1      | Reached XP level 1. HP: 22/22 MP: 0/0
    49 | D:1      | Found a faded altar of an unknown god.
   443 | D:1      | Reached XP level 2. HP: 26/29 MP: 1/1
   986 | D:2      | Reached XP level 3. HP: 36/36 MP: 2/2
  1202 | D:2      | Reached skill level 3 in Unarmed Combat
  1202 | D:2      | Reached XP level 4. HP: 23/44 MP: 3/3
  1764 | D:3      | Identified the ring "Gaserem" {*Corrode MP+9 Str+4 SInv}
  1916 | D:3      | Reached XP level 5. HP: 50/52 MP: 4/4
  2311 | D:4      | Reached skill level 4 in Unarmed Combat
  2425 | D:4      | Noticed a phantom
  2448 | D:4      | Found a staircase to the Ecumenical Temple.
  2520 | D:4      | Reached XP level 6. HP: 61/61 MP: 5/5
  2540 | D:5      | Entered Level 5 of the Dungeon
  2724 | Temple   | Entered the Ecumenical Temple
  2787 | Temple   | Became a worshipper of the Wu Jian Council
  3851 | D:5      | Reached XP level 7. HP: 42/67 MP: 6/6
  3905 | D:5      | Found a radiant altar of Vehumet.
  3950 | D:5      | Reached skill level 5 in Unarmed Combat
  4104 | D:5      | Found a shimmering blue altar of Sif Muna.
  4106 | D:5      | Found a basalt altar of Yredelemnul.
  4107 | D:5      | Found a shimmering altar of Xom.
  4313 | D:6      | Reached * piety under Wu Jian
  4474 | D:5      | Reached skill level 6 in Unarmed Combat
  4474 | D:5      | Reached XP level 8. HP: 78/78 MP: 7/7
  4802 | D:6      | Reached skill level 5 in Shields
  5109 | D:6      | HP: 2/79 [killer bee (6)]
  5111 | D:6      | Slain by a killer bee

Illustrated notes

Levels and vault maps discovered:
D:1:      sevenhm_arrival_forest_fort_small_3, layout_loops_ring,
          basic_ecumenical_altar, dk_noncrumbling_3, minmay_misc_feat_square
D:2:      layout_loops_ring, minmay_tetromino_o4
D:3:      layout_loops_cross, minivault_4
D:4:      nicolae_cairo_tiling_large_dashed, layout_basic,
          minmay_temple_entry_overgrown
D:5:      layout_basic, chequers_temple_overflow_statue_of_worship
D:6:      layout_basic
D:7:      layout_basic, serial_shops, shop
Temple:   mainiacjoe_temple_coin_purse

Skill      XL: |  1  2  3  4  5  6  7  8 |
---------------+-------------------------+-----
Shields        | 3 4 5 |  5.1
Unarmed Combat | 3 4 6 |  6.9
Dodging        | 3 4 |  4.6
Fighting       | 3 4 |  4.5
Evocations     | |  0.6

Action                     |  1- 3 |  4- 6 |  7- 9 || total
---------------------------+-------+-------+-------++-------
  Melee: Unarmed           |   121 |   173 |   121 ||   415
Ability: Lunge             |       |     1 |     7 ||     8
         Whirlwind         |       |       |     4 ||     4
  Evoke: Wand              |       |       |     1 ||     1
    Use: Potion            |       |       |     2 ||     2
   Stab: Sleeping          |     1 |     1 |       ||     2
 Armour: Robe              |    45 |    29 |    28 ||   102
  Dodge: Dodged            |    54 |    46 |    53 ||   153
  Block: Kite shield       |    50 |    53 |    61 ||   164
